 Dungeon Crawl Stone Soup version 0.29-a0-878-g7b45a56547 (webtiles) character file.

Game seed: 13280123049260286707

104147 Nato the Nimble (level 15, -2/118 HPs)
             Began as a Vampire Ice Elementalist on July 18, 2022.
             Was a High Priest of Vehumet.
             Slain by a +1 demon blade of draining (12 damage)
             ... on level 15 of the Dungeon on July 20, 2022.
             The game lasted 04:40:58 (48238 turns).

Nato the Nimble (Vampire Ice Elementalist)         Turns: 48238, Time: 04:40:59

Health: -2/118     AC: 13    Str:  7    XL:     15   Next: 91%
Magic:  18/28      EV: 18    Int: 24    God:    Vehumet [*****.]
Gold:   389        SH:  7    Dex: 16    Spells: 12/39 levels left

rFire   + . .      SeeInvis +   L - +1 dagger "Worm's Wrath" {vorpal, Contam rN+++ Will++ Str-2 Stlth+}
rCold   + + +      Faith    .   f - +0 kite shield
rNeg    + + +      Spirit   .   W - +4 skin of Zhor {*Englaciate rC+++ SInv}
rPois   +          Reflect  .   P - +0 hat {Will+}
rElec   .          Harm     .   C - +1 cloak of the Stars {rPois Str+2}
rCorr   .          Rampage  .   J - +2 pair of gloves
Will    ++++.                   B - +1 pair of boots
Stlth   ++++++....              l - amulet of regeneration
HPRegen 1.29/turn               E - ring of protection from fire
MPRegen 0.21/turn               a - ring of wizardry

@: freezing walls, healing quickly, studying Hexes
A: alive, fangs 3, see invisible, vampiric 2, low MP 1
a: Exsanguinate, Renounce Religion


You were on level 15 of the Dungeon.
You worshipped Vehumet.
Vehumet was extremely pleased with you.
You visited 3 branches of the dungeon, and saw 22 of its levels.
You also visited: Ice Cave and Volcano.

You collected 2758 gold pieces.
You spent 2369 gold pieces at shops.

Inventory:

Hand Weapons
 o - a +7 demon trident of electrocution
 L - the +1 dagger "Worm's Wrath" (weapon) {vorpal, Contam rN+++ Will++ Str-2 Stlth+}
   (You found it on level 6 of the Dungeon)

   It inflicts extra damage upon your enemies.
   Str:       It affects your strength (-2).
   rN:        It renders you almost immune to negative energy.
   Contam:    It causes magical contamination when unequipped.
   Will:      It greatly increases your willpower.
   Stlth:     It makes you more stealthy.
 V - the +6 rapier of Uskayaw's Hatred {flame, rC++ Dex+4}
   (You found it on level 14 of the Dungeon)

   It burns those it strikes, dealing additional fire damage.
   Dex:       It affects your dexterity (+4).
   rC:        It greatly protects you from cold.
Missiles
 p - 3 curare-tipped darts (quivered)
 v - 145 poisoned darts
 X - a throwing net
Armour
 f - a +0 kite shield (worn)
 B - a +1 pair of boots (worn)
 C - the +1 cloak of the Stars (worn) {rPois Str+2}
   (You found it on level 15 of the Dungeon)

   Str:       It affects your strength (+2).
   rPois:     It protects you from poison.
 J - a +2 pair of gloves (worn)
 P - a +0 hat of willpower (worn)
 W - the +4 skin of Zhor (worn) {*Englaciate rC+++ SInv}
   (You found it on level 9 of the Dungeon)

   It radiates cold, occasionally slowing all nearby creatures who are not
   resistant to cold.
   rC:        It renders you almost immune to cold.
   SInv:      It lets you see invisible.
Jewellery
 a - a ring of wizardry (right hand)
 l - an amulet of regeneration (around neck)
 x - a ring of poison resistance
 E - a ring of protection from fire (left hand)
 M - the ring "Nyoschys" {Ice Will+ Dex+2}
   (You found it on level 7 of the Dungeon)

   [ring of ice]

   It enhances your ice magic.
   Dex:       It affects your dexterity (+2).
   rF:        It makes you vulnerable to fire.
   rC:        It protects you from cold.
   Will:      It increases your willpower.
 Z - a ring of protection from fire
Wands
 q - a wand of light (4)
 D - a wand of polymorph (5)
 I - a wand of charming (35)
 N - a wand of flame (57)
Scrolls
 c - 2 scrolls of blinking
 d - 7 scrolls of enchant armour
 e - a scroll of fear
 g - 2 scrolls of torment
 j - 4 scrolls of vulnerability
 k - 3 scrolls of magic mapping
 m - 13 scrolls of teleportation
 r - a scroll of silence
 u - 9 scrolls of immolation
 y - 2 scrolls of brand weapon
 z - 7 scrolls of fog
 K - 3 scrolls of amnesia
 T - a scroll of poison
 U - 2 scrolls of enchant weapon
Potions
 b - a potion of magic
 h - 4 potions of mutation {unknown}
 i - 2 potions of haste
 n - 5 potions of cancellation
 s - 4 potions of berserk rage
 t - 3 potions of ambrosia
 w - 4 potions of brilliance
 A - 4 potions of might
 G - 4 potions of lignification
 H - 3 potions of invisibility
 O - 8 potions of curing
 Q - 3 potions of flight
 R - 3 potions of resistance
Miscellaneous
 S - a lightning rod (4/4)


   Skills:
 - Level 11.1 Fighting
 - Level 14.3 Dodging
 - Level 12.0 Stealth
 + Level 12.6 Spellcasting
 - Level 6.0 Conjurations
 - Level 4.0 Hexes
 - Level 5.0 Translocations
 + Level 13.7 Ice Magic
 + Level 4.4 Earth Magic
 - Level 4.1 Evocations


You had 12 spell levels left.
You knew the following spells:

 Your Spells              Type           Power      Damage    Failure   Level
a - Freeze                Ice            100%       1d11      1%          1
b - Frozen Ramparts       Ice            100%       1d12      1%          3
c - Ozocubu's Armour      Ice            69%        N/A       1%          3
d - Blink                 Tloc           78%        N/A       1%          2
e - Irradiate             Conj/Tmut      14%        3d16      13%         5
f - Shatter               Erth           18%        3d17*     100%        9
g - Iskenderun's Mystic   Conj/Tloc      41%        2d9       1%          4

Your spell library contained the following spells:

 Spells                   Type           Power      Damage    Failure   Level
 Yara's Violent Unravell  Hex/Tmut       12%        3d7       19%         5
 Magic Dart               Conj           100%       1d8       1%          1
 Shock                    Conj/Air       100%       1d9       1%          1
 Ensorcelled Hibernation  Hex/Ice        100%       N/A       1%          2
 Searing Ray              Conj           86%        2d7       1%          2
 Conjure Flame            Conj/Fire      29%        6-21      1%          3
 Hailstorm                Conj/Ice       58%        3d13      1%          4
 Lesser Beckoning         Tloc           39%        N/A       2%          3
 Fulminant Prism          Conj/Hex       19%        3d11      2%          4
 Ice Form                 Ice/Tmut       48%        N/A       3%          4
 Summon Ice Beast         Ice/Summ       48%        N/A       3%          4
 Ignite Poison            Fire/Tmut/Pois 15%        N/A       5%          3
 Sticky Flame             Conj/Fire      29%        2d5       5%          4
 Ozocubu's Refrigeration  Ice            34%        4d11      5%          7
 Lee's Rapid Deconstruct  Erth           18%        3d12*     8%          5
 Lightning Bolt           Conj/Air       14%        1d28      13%         5
 Airstrike                Air            7%         0-4+      16%         4
 Spider Form              Tmut/Pois      15%        N/A       17%         3
 Swiftness                Air            15%        N/A       17%         3
 Manifold Assault         Tloc           39%        N/A       21%         5
 Anguish                  Hex/Necr       12%        N/A       26%         4
 Simulacrum               Ice/Necr       24%        N/A       45%         6
 Animate Dead             Necr           15%        N/A       50%         4
 Summon Lightning Spire   Summ/Air       15%        N/A       50%         4
 Conjure Ball Lightning   Conj/Air       14%        3x3d6     50%         6
 Blade Hands              Tmut           7%         N/A       82%         5
 Dragon Form              Tmut           7%         N/A       100%        7
 Haunt                    Necr/Summ      7%         N/A       100%        7
 Storm Form               Tmut/Air       7%         N/A       100%        7
 Discord                  Hex            17%        N/A       100%        8
 Disjunction              Tloc           19%        N/A       100%        8
 Infestation              Necr           7%         N/A       100%        8
 Maxwell's Capacitive Co  Air            7%         ∞         100%        8
 Chain Lightning          Conj/Air       14%        3d19      100%        9
 Fire Storm               Conj/Fire      14%        8d4       100%        9


Dungeon Overview and Level Annotations

Branches:
Dungeon (15/15)            Temple (0/1) D:4            Lair (5/5) D:10
  Swamp (0/4) Lair:2        Snake (0/4) Lair:2        Slime (0/5) Lair:4
    Orc (2/2) D:12            Elf (0/3) Orc:2        Vaults (0/5) D:13
 Depths (0/4) D:15          IceCv (visited)         Volcano (visited)

Altars:
Cheibriados
Kikubaaqudgha
Nemelex Xobeh
Okawaru
Qazlal
Ru
Sif Muna
Trog
Uskayaw
Vehumet
Wu Jian
Xom
Yredelemnul

Shops:
Orc:1 :   Orc:2 ?(?(=?[**

Annotations:
Lair:3 Yogidamonk's ghost, journeyman MiHu
Lair:5 exclusions: obsidian statue and oklob plant
Orc:2 Rupert


Innate Abilities, Weirdness & Mutations

Your natural rate of healing is accelerated.
You have razor-sharp teeth.
You have supernaturally acute eyesight. (SInv)
You are afflicted with vampirism and can become a bat while bloodless.
Your magical capacity is low. (-10% MP)


Message History

The wall freezes the +0 demon whip of pain but does no damage.
You radiate an aura of cold.
The +1 demon blade of draining is unaffected.
The +0 demon whip of pain is unaffected.
The +2 vampiric demon trident is unaffected.
The +0 demon whip of pain completely resists.
The wall freezes the +0 demon whip of pain but does no damage.
The +1 demon blade of draining resists.
The wall freezes the +1 demon blade of draining.
The +1 demon blade of draining hits you!!
* * * LOW HITPOINT WARNING * * *
The +0 demon whip of pain completely resists.
The wall freezes the +0 demon whip of pain but does no damage.
There are monsters nearby!
The +1 demon blade of draining completely resists.
The wall freezes the +1 demon blade of draining but does no damage.
The +1 demon blade of draining hits you.
* * * LOW HITPOINT WARNING * * *
The +0 demon whip of pain resists.
The wall freezes the +0 demon whip of pain.
The +1 demon blade of draining completely resists.
The wall freezes the +1 demon blade of draining but does no damage.
The +1 demon blade of draining completely misses you.
The +0 demon whip of pain resists.
The wall freezes the +0 demon whip of pain.
The +2 vampiric demon trident completely resists.
The wall freezes the +2 vampiric demon trident but does no damage.
The +2 vampiric demon trident barely misses you.
The +1 demon blade of draining completely resists.
The wall freezes the +1 demon blade of draining but does no damage.
You block the +1 demon blade of draining's attack.
The +0 demon whip of pain completely resists.
The wall freezes the +0 demon whip of pain but does no damage.
The +2 vampiric demon trident resists.
The wall freezes the +2 vampiric demon trident.
The +2 vampiric demon trident barely misses you.
The +1 demon blade of draining completely resists.
The wall freezes the +1 demon blade of draining but does no damage.
The +1 demon blade of draining hits you!
You die...

#.............#
#.............#
#.............#
#.............#
#######..........#######
.....##.................
......#............#####
......#............#....
.._..((@....######.#....
.....(#.....# #.#....
......#.....# #.#.}..
.....##.....# #.#....
#######.....######.#....
#................#....
#....########....#....
####....#......#....#....
#....<..#......#....#....


You could see 3 dancing weapons.

Vanquished Creatures
  Gastronok (Lair:3)
  Louise (D:15)
  A quicksilver ooze (IceCv)
  Azrael (D:15)
  Snorg (D:11)
  Josephine (D:14)
  8 vault guards (D:13)
  5 hydras
  Erica (D:10)
  A catoblepas (Lair:3)
  8 boulder beetles
  2 centaur warriors (D:13)
  2 ogre magi (D:15)
  7 two-headed ogres
  6 death yaks
  3 tengu warriors
  3 orc high priests (Orc:2)
  Sonja (Orc:2)
  The ghost of Yogidamonk the Protected, a novice MiFi of Okawaru (D:7)
  A hell knight (Volcano)
  A sun demon (Volcano)
  A spectral death yak (Lair:5)
  A wizard (D:14)
  7 orc knights
  3 necromancers (Lair:5)
  6 orc sorcerers
  2 wolf spiders (shapeshifter)
  A wolf spider (D:15)
  7 cyclopes
  3 manticores
  A salamander (D:15)
  3 ugly things
  22 elephants
  2 molten gargoyles (Volcano)
  Maggie (D:8)
  3 black mambas
  A dire elephant skeleton (Lair:5)
  A torpor snail (Lair:5)
  12 cane toads
  An unseen horror (D:10)
  An unseen horror zombie (D:9)
  2 gargoyles
  8 komodo dragons
  A kobold demonologist (D:10)
  5 rime drakes
  2 tengu conjurers (D:15)
  3 very ugly thing simulacra (IceCv)
  An efreet (D:14)
  A red devil (Volcano)
  6 polar bears
  5 trolls
  A meliai (shapeshifter) (D:12)
  2 spectral elephants (Lair:5)
  9 slime creatures
  24 blink frogs
  5 dream sheep (Lair:4)
  3 shadows
  5 wyverns
  A vampire (D:10)
  4 fire elementals (D:15)
  A fire bat (Volcano)
  24 yaks
  6 wraiths
  12 basilisks
  2 steam dragons (D:7)
  A death yak simulacrum (Lair:5)
  Menkaure (D:6)
  2 nagas (Lair:2)
  23 vampire mosquitoes
  A spectral cane toad (Lair:5)
  5 hell hounds
  4 wargs
  Duvessa (D:4)
  An acid dragon (D:11)
  20 water moccasins
  22 orc warriors
  6 black bears
  2 sky beasts (D:7)
  An ugly thing simulacrum (IceCv)
  6 centaurs
  8 ogres
  4 wolves
  4 phantoms
  Blork the orc (D:5)
  21 kobold brigands
  18 bullfrogs
  6 gnoll sergeants
  3 scorpions
  A cane toad simulacrum (Lair:5)
  A necrophage (D:6)
  Dowan (D:4)
  An elephant simulacrum (Lair:5)
  21 killer bees
  4 troll zombies (D:12)
  2 vampire bats (D:7)
  8 howler monkeys
  An electric eel (Lair:2)
  4 lava snakes (Volcano)
  A centaur zombie (D:9)
  2 hounds
  3 gnoll boudas
  11 orc priests
  3 jellies
  Ijyb (D:5)
  7 hell rats (Lair:4)
  3 iguanas
  17 orc wizards
  4 ogre zombies (D:12)
  Robin (D:4)
  36 gnolls
  6 adders
  A shadow imp (D:8)
  A white imp (D:7)
  An ufetubus (D:4)
  3 dart slugs
  2 worms
  40 orcs
  4 bat skeletons (D:7)
  2 bat zombies (D:7)
  5 endoplasms
  2 giant cockroaches
  13 goblins
  15 hobgoblins
  2 jackals (D:1)
  23 kobolds
  6 quokkas
  4 ball pythons
  7 bats
  2 frilled lizards (D:1)
  2 goblin skeletons (D:12)
  2 hobgoblin skeletons (D:12)
  5 hobgoblin zombies (D:12)
  16 orc zombies (D:12)
  5 rats
731 creatures vanquished.

Vanquished Creatures (others)
  An entropy weaver simulacrum (IceCv)
  A sky beast (D:7)
  An ogre (Orc:2)
  An orc priest (Orc:2)
  A bush (Lair:5)
  53 fungi
  99 plants
  33 withered plants
190 creatures vanquished.

Grand Total: 921 creatures vanquished

Notes
Turn   | Place    | Note
-------+----------+-------------------------------------------
     0 | D:1      | Nato the Vampire Ice Elementalist began the quest for the
                  | Orb.
     0 | D:1      | Reached XP level 1. HP: 13/13 MP: 3/3
   219 | D:1      | Found a faded altar of an unknown god.
   471 | D:1      | Reached XP level 2. HP: 14/19 MP: 1/5
  1153 | D:1      | Gained mutation: You are afflicted with vampirism and can
                  | become a bat while bloodless. [Vampire growth]
  1153 | D:1      | Reached XP level 3. HP: 22/24 MP: 3/6
  1312 | D:1      | Learned a level 3 spell: Frozen Ramparts
  1504 | D:1      | Reached skill level 3 in Dodging
  2235 | D:3      | Reached XP level 4. HP: 30/30 MP: 4/8
  2307 | D:3      | Noticed an ogre
  2583 | D:3      | Found a stormy altar of Qazlal.
  3003 | D:3      | Killed an ogre
  3004 | D:3      | Reached XP level 5. HP: 29/35 MP: 4/10
  3267 | D:3      | Found a snail-covered altar of Cheibriados.
  3360 | D:3      | Found a hide-covered altar of Uskayaw.
  3361 | D:3      | Found an iron altar of Okawaru.
  3443 | D:2      | Found an iron altar of Okawaru.
  4290 | D:5      | Entered Level 5 of the Dungeon
  4290 | D:5      | Noticed a black bear
  4290 | D:5      | Noticed an ogre
  4303 | D:4      | Reached skill level 4 in Dodging
  4303 | D:4      | Reached XP level 6. HP: 41/41 MP: 6/11
  4704 | D:4      | Reached skill level 5 in Ice Magic
  4725 | D:4      | Learned a level 3 spell: Ozocubu's Armour
  4773 | D:4      | Reached skill level 5 in Stealth
  5408 | D:4      | Noticed Dowan
  5412 | D:4      | Noticed Duvessa
  5423 | D:4      | Killed Duvessa
  5424 | D:4      | Reached skill level 1 in Evocations
  5424 | D:4      | Reached XP level 7. HP: 46/46 MP: 7/13
  5447 | D:4      | Killed Dowan
  5607 | D:4      | Found a radiant altar of Vehumet.
  5615 | D:4      | Became a worshipper of Vehumet
  6281 | D:4      | Found a staircase to the Ecumenical Temple.
  6281 | D:4      | Noticed Robin
  6291 | D:4      | Killed Robin
  6726 | D:5      | Reached skill level 5 in Spellcasting
  6917 | D:5      | Noticed Blork the orc
  6957 | D:5      | Noticed Ijyb
  6962 | D:5      | Killed Ijyb
  7048 | D:5      | Reached skill level 5 in Dodging
  7589 | D:5      | Killed Blork the orc
  7590 | D:5      | Reached XP level 8. HP: 50/52 MP: 7/15
  8440 | D:6      | Identified the +1 dagger "Worm's Wrath" {vorpal, Contam
                  | rN+++ Will++ Str-2 Stlth+}
  9052 | D:6      | Found a bloodstained altar of Trog.
  9260 | D:6      | Noticed Menkaure
  9316 | D:6      | Killed Menkaure
  9317 | D:6      | Reached skill level 6 in Dodging
  9485 | D:6      | Reached * piety under Vehumet
  9485 | D:6      | Offered knowledge of Shock by Vehumet.
 10214 | D:7      | Reached XP level 9. HP: 58/58 MP: 13/18
 10277 | D:7      | Reached skill level 1 in Fighting
 10808 | D:7      | Noticed Yogidamonk's ghost (novice MiFi)
 10861 | D:7      | Reached skill level 7 in Dodging
 10987 | D:7      | Found a transporter.
 11032 | D:7      | Found a transporter.
 11233 | D:8      | Found a sparkling altar of Nemelex Xobeh.
 11257 | D:8      | Offered knowledge of Scorch by Vehumet.
 11499 | D:8      | Noticed Maggie
 11510 | D:8      | Killed Maggie
 11568 | D:8      | Reached ** piety under Vehumet
 11821 | D:8      | Reached XP level 10. HP: 69/70 MP: 14/20
 12033 | D:8      | Noticed a two-headed ogre
 12051 | D:8      | Killed a two-headed ogre
 12347 | D:8      | Found a sacrificial altar of Ru.
 12583 | D:8      | Found a shimmering blue altar of Sif Muna.
 12608 | D:8      | Reached skill level 8 in Dodging
 13192 | D:9      | Found an ornate altar of the Wu Jian Council.
 13946 | D:9      | Found a basalt altar of Yredelemnul.
 14041 | D:9      | Found the +4 skin of Zhor {*Englaciate rC+++ SInv}
 14116 | D:9      | Noticed a boulder beetle
 14144 | D:9      | Killed a boulder beetle
 14145 | D:9      | Reached skill level 10 in Stealth
 14413 | D:9      | Reached skill level 5 in Fighting
 14719 | D:10     | Entered Level 10 of the Dungeon
 14801 | D:10     | Reached skill level 9 in Dodging
 14801 | D:10     | Reached XP level 11. HP: 79/80 MP: 8/23
 15314 | D:10     | Offered knowledge of Stone Arrow by Vehumet.
 15383 | D:10     | Learned a level 2 spell: Blink
 15576 | D:10     | Reached skill level 1 in Translocations
 15578 | D:10     | Found a staircase to the Lair.
 15605 | D:10     | Reached *** piety under Vehumet
 15911 | D:7      | Identified the ring "Nyoschys" {Ice Will+ Dex+2}
 15924 | D:7      | Killed Yogidamonk's ghost
 16514 | D:7      | Found an ancient bone altar of Kikubaaqudgha.
 16523 | D:7      | Offered knowledge of Mephitic Cloud by Vehumet.
 16737 | Lair:1   | Entered Level 1 of the Lair of Beasts
 17113 | Lair:1   | Noticed a seven-headed hydra
 17131 | Lair:1   | Killed a seven-headed hydra
 18599 | Lair:2   | Noticed a five-headed hydra
 18649 | Lair:2   | Found a staircase to the Snake Pit.
 18715 | Lair:2   | Reached skill level 10 in Dodging
 19074 | Lair:2   | Reached XP level 12. HP: 85/89 MP: 16/25
 19479 | Lair:1   | Reached skill level 10 in Ice Magic
 20080 | Lair:2   | Killed a five-headed hydra
 20674 | Lair:2   | Found a staircase to the Swamp.
 21063 | Lair:3   | Reached **** piety under Vehumet
 21085 | Lair:3   | Offered knowledge of Flame Wave by Vehumet.
 21236 | Lair:3   | Found a dark tunnel.
 21247 | Volcano  | Entered a volcano
 21790 | Volcano  | Found a radiant altar of Vehumet.
 21934 | Volcano  | Reached skill level 11 in Dodging
 22225 | Lair:3   | Noticed a catoblepas
 22505 | Lair:3   | Found a runed translucent door.
 22506 | Lair:3   | Noticed Yogidamonk's ghost (journeyman MiHu)
 22514 | Lair:3   | Noticed Gastronok
 22695 | Lair:3   | Killed Gastronok
 22696 | Lair:3   | Reached skill level 10 in Spellcasting
 22696 | Lair:3   | Reached XP level 13. HP: 65/98 MP: 9/27
 22699 | Lair:3   | Reached skill level 5 in Translocations
 23997 | Lair:4   | Reached skill level 1 in Hexes
 25400 | Lair:4   | Found a staircase to the Slime Pits.
 25423 | Lair:4   | Reached ***** piety under Vehumet
 25669 | Lair:4   | Offered knowledge of Irradiate by Vehumet.
 25691 | Lair:4   | Learned a level 5 spell: Irradiate
 26106 | Lair:5   | Entered Level 5 of the Lair of Beasts
 27283 | Lair:4   | Reached skill level 1 in Conjurations
 27454 | Lair:5   | Reached skill level 12 in Dodging
 28748 | Lair:5   | Reached XP level 14. HP: 108/108 MP: 25/28
 31255 | D:10     | Offered knowledge of Iskenderun's Battlesphere by Vehumet.
 31766 | D:10     | Found a shimmering altar of Xom.
 32761 | D:11     | Reached skill level 13 in Dodging
 33286 | D:11     | Noticed Snorg
 33303 | D:11     | Killed Snorg
 33945 | D:11     | Noticed Erica
 34124 | D:10     | Killed Erica
 35489 | D:12     | Found a staircase to the Orcish Mines.
 36664 | Orc:1    | Entered Level 1 of the Orcish Mines
 36956 | Orc:1    | Reached skill level 10 in Fighting
 37278 | Orc:2    | Entered Level 2 of the Orcish Mines
 37278 | Orc:2    | Noticed Sonja
 37278 | Orc:2    | Found Jakopt's Magic Scroll Boutique.
 37337 | Orc:2    | Found Akhoh's Magic Scroll Shop.
 37345 | Orc:2    | Bought 3 scrolls of fog for 120 gold pieces
 37345 | Orc:2    | Bought a scroll of fog for 40 gold pieces
 37345 | Orc:2    | Bought a scroll of acquirement for 520 gold pieces
 37345 | Orc:2    | Bought a scroll of enchant armour for 75 gold pieces
 37345 | Orc:2    | Bought a scroll of blinking for 75 gold pieces
 37345 | Orc:2    | Bought a scroll of teleportation for 30 gold pieces
 37345 | Orc:2    | Acquired 833 gold pieces
 37371 | Orc:2    | Found a staircase to the Elven Halls.
 37426 | Orc:2    | Found Fimoyve's Antique Weapon Emporium.
 38424 | Orc:2    | Found Eseoruyw's General Store.
 38424 | Orc:2    | Found Coash's Weapon Emporium.
 38428 | Orc:2    | Found Tuell's Antique Armour Shop.
 38428 | Orc:2    | Found Silao's Jewellery Emporium.
 38439 | Orc:2    | Bought a pair of glowing boots for 157 gold pieces
 38575 | Orc:2    | Killed Sonja
 38587 | Orc:2    | Noticed an orc warlord
 38610 | Orc:1    | Found Telah's Book Emporium.
 38948 | Orc:2    | Found Adwehint's Magic Scroll Shoppe.
 39756 | Orc:2    | Offered knowledge of Orb of Destruction by Vehumet.
 39986 | Orc:2    | Noticed Rupert
 40427 | Orc:2    | Found Plog's General Store.
 40428 | Orc:2    | Bought a scroll of identify for 32 gold pieces
 40428 | Orc:2    | Bought a scroll of fog for 64 gold pieces
 40428 | Orc:2    | Bought a scroll of identify for 32 gold pieces
 40428 | Orc:2    | Bought a scroll of teleportation for 48 gold pieces
 40517 | Orc:1    | Bought Ozocubu's Autobiography for 336 gold pieces
 40517 | Orc:1    | Bought a book of Annihilations for 840 gold pieces
 40527 | Orc:1    | Learned a level 9 spell: Shatter
 41244 | D:12     | Reached XP level 15. HP: 111/116 MP: 30/30
 42020 | D:13     | Reached skill level 1 in Earth Magic
 42261 | D:13     | Found a gate to the Vaults.
 42277 | D:13     | Reached skill level 5 in Conjurations
 43119 | D:13     | Noticed an orc warlord
 43133 | D:13     | Upgraded the game from 0.29-a0-870-g2c972031a6 to
                  | 0.29-a0-872-g797fff5ad1
 43257 | D:14     | Identified the +6 rapier of Uskayaw's Hatred {flame, rC++
                  | Dex+4}
 43260 | D:14     | Found a frozen archway.
 43269 | IceCv    | Entered an ice cave
 43312 | IceCv    | Gained mutation: Your magical capacity is low. (-10% MP)
                  | [mutagenic glow]
 44691 | D:14     | Reached skill level 14 in Dodging
 44744 | D:14     | Learned a level 4 spell: Iskenderun's Mystic Blast
 45193 | D:15     | Entered Level 15 of the Dungeon
 45342 | D:15     | Found a runed translucent door.
 45345 | D:15     | Found a basalt altar of Yredelemnul.
 45392 | D:15     | Noticed Louise
 45950 | D:15     | Identified the +1 cloak of the Stars {rPois Str+2}
 46325 | D:15     | Noticed Azrael
 46341 | D:15     | Killed Azrael
 46645 | D:15     | Found a staircase to the Depths.
 46840 | D:15     | Noticed Josephine
 46870 | D:14     | Killed Josephine
 47598 | D:14     | Upgraded the game from 0.29-a0-872-g797fff5ad1 to
                  | 0.29-a0-878-g7b45a56547
 47834 | D:15     | Offered knowledge of Yara's Violent Unravelling by Vehumet.
 48107 | D:15     | Killed Louise
 48238 | D:15     | Slain by a +1 demon blade of draining

Illustrated notes

Levels and vault maps discovered:
D:1:      minmay_arrival_up_and_down, layout_rooms,
          shapermc_ecumenical_altar_petra, roderic_serpentine_path,
          minmay_heptomino_d4
D:2:      layout_basic, basic_altar
D:3:      layout_rooms, nicolae_overflow_hidden_temple,
          mainiacjoe_overflow_brackets, cheibriados_altar_1,
          minmay_misc_feat_secret_circle
D:4:      layout_loops_ring, mainiacjoe_overflow_alcove_4, temple_green,
          hangedman_glass_teeth, kennysheep_minor_cross,
          hangedman_decor_peaks_small, uniq_duvessa, uniq_robin
D:5:      layout_loops_ring, uniq_ijyb, uniq_blork_the_orc
D:6:      layout_cave_pools, mainiacjoe_overflow_concentric_impassable,
          uniq_menkaure
D:7:      layout_rooms, kennysheep_vampire_church,
          gammafunk_ghost_gnarly_gnolls, hangedman_misty_isle
D:8:      layout_basic, lemuel_crystal_altar,
          mainiacjoe_overflow_catch_the_wave, enter_bailey_2,
          grunt_ministairs_9, uniq_maggie
D:9:      layout_rooms, mainiacjoe_overflow_small_starburst,
          lemuel_zombie_altar_yredelemnul, hellmonk_guarded_unrand_zhor
D:10:     layout_roguey [special_room_kobold], mainiacjoe_overflow_alcove_2,
          minmay_lair_entry_grove
D:11:     layout_small_grid, grunt_decor_resistance, uniq_snorg, uniq_erica
D:12:     layout_gridville, zombieorc2_lemuel
D:13:     layout_basic, erik_vaults_2, minmay_misc_feat_x,
          chequers_decorated_corner, minmay_the_grid_2x2
          [minmay_the_grid_armoury, minmay_the_grid_rooms,
          minmay_the_grid_stretched_grid, minmay_the_grid_prize_trominoes]
D:14:     layout_gridville, minmay_curled_crystal,
          portal_ice_cave_entry_pillars_four
D:15:     hangedman_depths_entry_try_elsewhere_first, layout_irregular_city,
          nicolae_tso_carved_into_rock, nicolae_danse_macabre, uniq_josephine,
          uniq_louise, uniq_azrael
Lair:1:   layout_roguey, serial_bayou_shore_a
Lair:2:   layout_cave_shapes, minmay_swamp_entry_swarm,
          guppyfry_snake_entry_garden, beast_lair_carwin_4
Lair:3:   layout_roguey, enter_volcano_1, gammafunk_ghost_grave,
          grunt_megastairs_5, uniq_gastronok
Lair:4:   layout_layer_cave, slime_entry_1
Lair:5:   due_jungle_book, layout_regular_city
Orc:1:    layout_diamond_mine, serial_shops, nicolae_shop_advertising_works
          [nicolae_subvault_shop_adworks]
Orc:2:    grunt_orc_tribal_feast, layout_diamond_mine, serial_shops, shop, shop,
          nicolae_shop_statue_plus, shop, nicolae_shop_hallway_plus,
          uniq_rupert, uniq_sonja

Skill      XL: |  1  2  3  4  5  6  7  8  9 10 11 12 13 14 15 |
---------------+----------------------------------------------+-----
Dodging        | 3 4 5 6 7 9 10 11 12 13 14 | 14.3
Spellcasting   | 3 4 5 6 7 8 9 10 11 12 | 12.6
Stealth        | 4 5 6 7 8 10 11 12 | 12.0
Ice Magic      | 5 6 7 8 9 10 11 12 13 | 13.7
Evocations     | 1 2 3 4 |  4.1
Fighting       | 3 5 6 7 9 10 11 | 11.1
Translocations | 3 4 5 |  5.0
Hexes          | 4 |  4.0
Conjurations   | 2 4 6 |  6.0
Earth Magic    | 4 |  4.4

Action                   |  1- 3 |  4- 6 |  7- 9 | 10-12 | 13-15 || total
-------------------------+-------+-------+-------+-------+-------++-------
Melee: Sling             |     1 |       |       |       |       ||     1
       Dagger            |       |    33 |   194 |   300 |   565 ||  1092
       Short sword       |       |       |    32 |       |       ||    32
       Bite              |       |       |    27 |    52 |   124 ||   203
       Punch             |       |       |     1 |       |       ||     1
       Rapier            |       |       |       |       |    43 ||    43
 Fire: Sling             |    39 |     2 |       |       |       ||    41
Throw: Stone             |       |    27 |     9 |     1 |       ||    37
       Dart              |       |    18 |       |     7 |    93 ||   118
       Boomerang         |       |     1 |    15 |       |       ||    16
       Throwing net      |       |       |       |     2 |       ||     2
 Cast: Freeze            |    43 |    25 |    32 |   248 |   671 ||  1019
       Frozen Ramparts   |     6 |    12 |    50 |   109 |   236 ||   413
       Ozocubu's Armour  |       |     3 |     3 |    25 |    81 ||   112
       Blink             |       |       |       |     2 |     7 ||     9
       Iskenderun's Myst |       |       |       |       |    13 ||    13
       Irradiate         |       |       |       |       |     3 ||     3
 Abil: End Transformatio |       |       |       |     1 |       ||     1
       Bat Form          |       |       |       |     1 |       ||     1
       Exsanguinate      |       |       |       |     1 |       ||     1
       Revivify          |       |       |       |     1 |       ||     1
Evoke: Wand              |       |     4 |     7 |    12 |     4 ||    27
       Lightning rod     |       |       |       |       |     2 ||     2
  Use: Scroll            |     4 |       |     6 |     9 |    21 ||    40
       Potion            |       |     1 |     1 |     1 |     1 ||     4
 Stab: Sleeping          |       |     1 |       |     3 |     1 ||     5
       Distracted        |       |       |     1 |     2 |     1 ||     4
Armor: Robe              |     6 |    16 |       |       |       ||    22
       Leather armour    |       |       |    57 |       |       ||    57
       Skin              |       |       |     4 |       |       ||     4
       Steam dragon scal |       |       |    15 |    71 |       ||    86
       Animal skin       |       |       |       |   193 |   515 ||   708
Dodge: Dodged            |    18 |    40 |   133 |   435 |  1040 ||  1666
Block: Kite shield       |       |       |    73 |   243 |   553 ||   869

Table legend: (Time is in decaauts)
 A = Elapsed time spent in this place.
 B = Non-inter-level travel time spent in this place.
 C = Inter-level travel time spent in this place.
 D = Time resting spent in this place.
 E = Time spent auto-exploring this place.
 F = Levels seen in this place.
 G = Mean time per level.
                   A        B        C        D        E       F      G
               +--------+--------+--------+--------+--------+-----+--------+
         Total |  48563 |  42188 |   6375 |  23965 |   6701 |  24 | 2023.5 |
       Dungeon |  29196 |  25354 |   3842 |  13938 |   4465 |  15 | 1946.4 |
          Lair |  13445 |  11782 |   1663 |   6869 |   1890 |   5 | 2689.0 |
  Orcish Mines |   4219 |   3349 |    870 |   2188 |    346 |   2 | 2109.5 |
      Ice Cave |    901 |    901 |      0 |    698 |      0 |   1 |  901.0 |
       Volcano |    800 |    800 |      0 |    272 |      0 |   1 |  800.0 |
               +--------+--------+--------+--------+--------+-----+--------+

Top non-repeatable levels by time:
  Lair:5: 3536 daAuts
  Lair:4: 3392 daAuts
     D:4: 3101 daAuts
  Lair:1: 3083 daAuts
    D:12: 3003 daAuts
   Orc:1: 2719 daAuts
    D:10: 2677 daAuts
    D:15: 2452 daAuts
    D:11: 2337 daAuts
     D:9: 2149 daAuts
     D:7: 1982 daAuts
  Lair:2: 1926 daAuts
     D:6: 1773 daAuts
     D:3: 1727 daAuts
    D:14: 1606 daAuts
